 Dungeon Crawl Stone Soup version 0.21-a0-529-g8c7b3f5 (webtiles) character file.

67 Spazmo the Firebug (level 3, -1/19 HPs)
             Began as a Deep Elf Fire Elementalist on Dec 9, 2017.
             Slain by a gnoll
             ... wielding a +0 club
              (6 damage)
             ... on level 2 of the Dungeon.
             The game lasted 00:02:32 (1028 turns).

Spazmo the Firebug (Deep Elf Fire Elementalist)     Turns: 1028, Time: 00:02:33

Health: -1/19      AC:  6    Str:  5    XL:     3   Next: 98%
Magic:  0/10       EV:  7    Int: 20    God:
Gold:   55         SH:  0    Dex: 15    Spells: 6/9 levels left

rFire    . . .     SeeInvis .   p - +1 short sword
rCold    . . .     Gourm    .   (no shield)
rNeg     . . .     Faith    .   a - +0 robe
rPois    .         Spirit   .   (no helmet)
rElec    .         Reflect  .   (no cloak)
rCorr    .         Harm     .   l - +1 pair of gloves
MR       .....                  (no boots)
Stlth    ++........             (no amulet)
HPRegen  0.06/turn              i - +2 ring of protection
MPRegen  0.12/turn              (no ring)

@: held
A: no striking features
a: no special abilities


You were on level 2 of the Dungeon.
You were not hungry.

You visited 1 branch of the dungeon, and saw 2 of its levels.

You collected 55 gold pieces.

Inventory:

Hand Weapons
 p - a +1 short sword (weapon)
Missiles
 g - 67 stones (quivered)
Armour
 a - a +0 robe (worn)
 l - a +1 pair of gloves (worn)
Jewellery
 i - a +2 ring of protection (left hand)
Scrolls
 e - 2 scrolls of teleportation
 f - 2 scrolls of identify
 j - a scroll of noise {unknown}
Potions
 d - a potion of berserk rage {unknown}
 k - a potion of might {unknown}
 m - a potion of brilliance {unknown}
 n - a potion of magic {unknown}
Books
 b - a book of Flames

   Spells                             Type                      Level
   a - Flame Tongue                   Conjuration/Fire             1
   b - Throw Flame                    Conjuration/Fire             2
   c - Conjure Flame                  Conjuration/Fire             3
   d - Inner Flame                    Hexes/Fire                   3
   e - Sticky Flame                   Conjuration/Fire             4
   f - Fireball                       Conjuration/Fire             5
Comestibles
 c - a bread ration
 h - 5 chunks of flesh


   Skills:
 - Level 3.0 Dodging
 - Level 3.0 Stealth
 + Level 3.8 Spellcasting
 + Level 2.2 Conjurations
 + Level 3.9 Fire Magic


You had 6 spell levels left.
You knew the following spells:

 Your Spells              Type           Power        Failure   Level  Hunger
a - Flame Tongue          Conj/Fire      ###..        3%          1    None
b - Throw Flame           Conj/Fire      ###...       5%          2    ##.....


Dungeon Overview and Level Annotations

Branches:
Dungeon (2/15)

Altars:
Cheibriados


Message History

The flame tongue hits the gnoll.
You kill the gnoll!
The gnoll barely misses you.
Casting: Flame Tongue
Confirm with . or Enter, or press ? or * to list all spells.
Aiming: Flame Tongue
Press: ? - help, Shift-Dir - straight line, f - gnoll
Aim: a gnoll, wielding a club The flame tongue misses the gnoll.
Casting: Flame Tongue
Confirm with . or Enter, or press ? or * to list all spells.
Aiming: Flame Tongue
Press: ? - help, Shift-Dir - straight line, f/p - gnoll
Aim: a gnoll, wielding a club The flame tongue hits the gnoll.
The gnoll is moderately wounded.
The gnoll hits you with a club.
* * * LOW HITPOINT WARNING * * *
You struggle against the net.
The gnoll hits you with a club.
You die...

#.# #.#.#.# #.#
#.#.#.# #.#
#.#.#.#
###########...#.#
#.............#.#
#.#########...#.#
#.# #.# #......
.#######.# #.#
#......
.....lg@.# #.#
#......
...####### #.#
#...... #.#
####.## #.. #..#
##.# #.. #.. #..
#..


You could see a gnoll and a frilled lizard.

Vanquished Creatures
  3 gnolls (D:2)
  An adder (D:1)
  A worm (D:2)
  A dart slug (D:1)
  A leopard gecko (D:2)
  4 goblins
  5 hobgoblins
  2 jackals (D:1)
  3 bats
  A frilled lizard (D:1)
  A kobold (D:1)
  A rat (D:1)
24 creatures vanquished.

Notes
Turn   | Place    | Note
-------+----------+-------------------------------------------
     0 | D:1      | Spazmo the Deep Elf Fire Elementalist began the quest for the Orb.
     0 | D:1      | Reached XP level 1. HP: 10/10 MP: 6/6
   160 | D:1      | Reached XP level 2. HP: 15/15 MP: 5/8
   164 | D:1      | Learned a level 2 spell: Throw Flame
   827 | D:1      | Reached XP level 3. HP: 7/19 MP: 3/9
   947 | D:2      | Found a snail-covered altar of Cheibriados.
  1028 | D:2      | Slain by a gnoll

Vault maps used:
D:1:      giann_forest_graveyard, minivault_14
D:2:      nicolae_qazlal_eye_of_the_storm, grunt_gozag_breadcrumbs,
          lemuel_crystal_altar, first_bread, serial_co_window_serial,
          co_window_paths_b, co_window_cross_1, co_window_paths_b,
          co_window_of_opportunity_a, co_window_paths_a, co_window_paths_c,
          co_window_broadway_a, co_window_unsneaky_path_e,
          co_window_unsneaky_path_c, co_window_paths_e, glass_columns_c,
          glass_columns_a, glass_columns_c, uniq_jessica

Skill      XL: |  1  2  3 |
---------------+----------+-----
Stealth        | 3 |  3.0
Dodging        | 3 |  3.0
Conjurations   | 2 |  2.2
Spellcasting   | |  3.8
Fire Magic     | |  3.9

Action                   || total
-------------------------++-------
 Cast: Flame Tongue      ||    49
  Use: Scroll            ||     5
Armor: Robe              ||     5
Dodge: Dodged            ||    19

Table legend:
 A = Spawn XP
 B = Non-spawn XP
 C = Spawn XP percentage of total XP
 D = Spawn monster count
 E = Non-spawn monster count
 F = Spawn count percentage of total count
 G = Total turns spent on level
                    A         B        C        D         E        F      G
               +---------+---------+-------+---------+---------+-------+---------
         Total |       0 |      96 |   0.0 |       0 |      24 |   0.0 |  1028
               +---------+---------+-------+---------+---------+-------+---------
           D:1 |       0 |      38 |   0.0 |       0 |      15 |   0.0 |   873
           D:2 |       0 |      58 |   0.0 |       0 |       9 |   0.0 |   155
               +---------+---------+-------+---------+---------+-------+---------
